 Dungeon Crawl Stone Soup version 0.28-a0-2-g643f2454ad (webtiles) character file.

Game seed: 4631463783761991522

307 funkygono the Firebug (level 6, 0/32 HPs)
             Began as a Gargoyle Fire Elementalist on July 23, 2021.
             Killed by divine providence
             ... invoked by an orc priest
              (12 damage)
             ... on level 3 of the Dungeon.
             The game lasted 00:06:13 (3141 turns).

funkygono the Firebug (Gargoyle Fire Elementalist)  Turns: 3141, Time: 00:06:14

Health: 0/32       AC:  7    Str: 11    XL:     6   Next: 40%
Magic:  11/11      EV: 12    Int: 18    God:
Gold:   160        SH:  0    Dex: 10    Spells: 2/12 levels left

rFire   . . .      SeeInvis .   e - +1 whip
rCold   . . .      Faith    .   (no shield)
rNeg    + . .      Spirit   .   a - +1 robe
rPois   ∞          Reflect  .   (no helmet)
rElec   +          Harm     .   (no cloak)
rCorr   .          Rampage  .   (no gloves)
Will    .....                   (no boots)
Stlth   ++........              (no amulet)
HPRegen 0.10/turn               (no ring)
MPRegen 0.12/turn               (no ring)

@: no status effects
A: sickness immunity, AC +4, negative energy resistance 1, electricity
resistance, torment resistance 1, petrification resistance
a: no special abilities


You were on level 3 of the Dungeon.
You visited 1 branch of the dungeon, and saw 3 of its levels.

You collected 160 gold pieces.

Inventory:

Hand Weapons
 b - a +0 dagger
 e - a +1 whip (weapon)
 j - a +0 mace
 k - a +2 dagger of pain
 o - a +1 dagger of chaos
Missiles
 f - 10 stones
Armour
 a - a +1 robe (worn)
Scrolls
 c - a scroll of teleportation
 h - a scroll of immolation
 m - a scroll of enchant armour
 n - a scroll of identify
Potions
 d - a potion of heal wounds {unknown}
 g - a potion of cancellation {unknown}
 i - a potion of resistance {unknown}
 l - 2 potions of flight


   Skills:
 + Level 0.1 Fighting
 + Level 0.1 Short Blades
 + Level 0.1 Maces & Flails
 + Level 1.8 Dodging
 - Level 2.1 Stealth
 * Level 3.7 Spellcasting
 * Level 4.0 Conjurations
 * Level 4.4 Fire Magic


You had 2 spell levels left.
You knew the following spells:

 Your Spells              Type           Power      Damage    Failure   Level
a - Foxfire               Conj/Fire      72%        2x1d7     2%          1
b - Conjure Flame         Conj/Fire      18%        6-21      8%          3
c - Sticky Flame          Conj/Fire      18%        2d4       26%         4
d - Searing Ray           Conj           34%        3d4       4%          2

Your spell library contained the following spells:

 Spells                   Type           Power      Damage    Failure   Level
 Magic Dart               Conj           68%        1d6       3%          1
 Inner Flame              Hex/Fire       11%        N/A       19%         3
 Ozocubu's Armour         Ice            3%         N/A       41%         3
 Fulminant Prism          Conj/Hex       5%         3d7       54%         4
 Fireball                 Conj/Fire      9%         3d6       58%         5
 Ozocubu's Refrigeration  Ice            1%         4d5       100%        7


Dungeon Overview and Level Annotations

Branches:
Dungeon (3/15)

Altars:
Hepliaklqana
Makhleb
Xom


Innate Abilities, Weirdness & Mutations

You are immune to sickness and miasma.
Your stone body is resilient. (AC +4)
You are immune to poison.
You resist negative energy. (rN+)
You are resistant to electric shocks. (rElec)
You are resistant to unholy torment.
You are immune to petrification.


Message History

There is an open door here.
An orc priest comes into view. It is wielding a +0 flail.
An orc wizard comes into view.
It is wielding a +0 dagger. 2 orcs come into view.
An orc is wielding a +2 falchion of electrocution.
The orc wizard shouts!
The orc moves out of view.
An orc comes into view. It is wielding a +0 dagger.
Casting: Foxfire (safe; 2% risk of failure)
Confirm with . or Enter, or press ? or * to list all spells.
You conjure some foxfire!
The orc shouts!
Casting: Foxfire (safe; 2% risk of failure)
Confirm with . or Enter, or press ? or * to list all spells.
Okay, then.
Casting: Foxfire (safe; 2% risk of failure)
Confirm with . or Enter, or press ? or * to list all spells.
You don't know that spell.
Casting: Foxfire (safe; 2% risk of failure)
Confirm with . or Enter, or press ? or * to list all spells.
You conjure some foxfire!
The foxfire hits the orc priest.
The orc priest is lightly wounded.
The orc priest calls down the wrath of Beogh upon you.
Beogh smites you!
Unknown command.
Your foxfire dissipates!
The foxfire hits the orc.
The orc is moderately wounded.
The foxfire hits the orc priest.
The orc priest is lightly wounded.
The orc priest looks satisfied for a moment.
The orc hits you with a +2 falchion of electrocution.
You barely miss the orc.
The orc hits you with a +2 falchion of electrocution.
You hit the orc.
The orc is almost dead.
The orc closely misses you. x2
The orc priest mumbles some strange prayers to Beogh against you.
Beogh smites you!
You die...

#....# #.#.##.# #..##..#..# #.≈
##.#.#####)#.##.###..##.....# #.§
#.#.................##.....# #.§
#.########.###..###.###...## #§§
##'## #.# #..# #.......# #.#
#...## #.# #..# ####.#### #.#
.....## #.####.# #.#### #..
......## #......# #.##.## ###
.......####...##@######.#...####.
.......+..........o.o..........).
.......####...##.######o#...####.
......####.#.###.# #.##.## ##
.....####...## #.# ##.#### #
#...####.....###.# #.#.# ##'##
#..........# ##..# #.#
##.....##### ##.# #.# ##...## #o#


You could see an orc priest and 2 orcs.

Vanquished Creatures
  A necrophage (D:2)
  A water moccasin zombie (D:3)
  A crimson imp (D:3)
  2 gnolls (D:3)
  5 adders (D:2)
  3 dart slugs
  An orc (D:3)
  2 endoplasms (D:1)
  5 giant cockroaches
  5 goblins
  5 hobgoblins
  8 jackals
  2 quokkas
  4 ball pythons
  6 bats
  2 frilled lizards
  5 kobolds
  8 rats
66 creatures vanquished.

Vanquished Creatures (others)
  187 foxfires
187 creatures vanquished.

Grand Total: 253 creatures vanquished

Notes
Turn   | Place    | Note
-------+----------+-------------------------------------------
     0 | D:1      | funkygono the Gargoyle Fire Elementalist began the quest
                  | for the Orb.
     0 | D:1      | Reached XP level 1. HP: 10/10 MP: 3/3
   133 | D:1      | Reached XP level 2. HP: 13/15 MP: 0/5
   528 | D:1      | Found a faded altar of an unknown god.
   735 | D:1      | Reached XP level 3. HP: 19/19 MP: 1/6
   900 | D:1      | Learned a level 3 spell: Conjure Flame
   922 | D:1      | Identified a scroll of acquirement
   922 | D:1      | Acquired an amulet of magic regeneration
  1209 | D:2      | Noticed a necrophage
  1230 | D:2      | Killed a necrophage
  1231 | D:2      | Reached XP level 4. HP: 15/24 MP: 0/8
  1231 | D:2      | Reached XP level 5. HP: 18/28 MP: 0/9
  1236 | D:2      | Learned a level 4 spell: Sticky Flame
  2374 | D:3      | Reached XP level 6. HP: 27/32 MP: 4/11
  2377 | D:3      | Learned a level 2 spell: Searing Ray
  2659 | D:3      | Found a hazy altar of Hepliaklqana.
  2790 | D:3      | Found a shimmering altar of Xom.
  2791 | D:3      | Found a burning altar of Makhleb.
  3141 | D:3      | Killed from afar by an orc priest

Illustrated notes

Levels and vault maps discovered:
D:1:      giann_forest_graveyard, layout_rooms,
          dreamdust_ecumenical_altar_angels_and_demons
D:2:      layout_loops_cross
D:3:      layout_loops_corners, grunt_temple_overflow_champion_of_chaos,
          mainiacjoe_overflow_concentric_impassable

Skill      XL: |  1  2  3  4  5  6 |
---------------+-------------------+-----
Conjurations   | 3 4 |  4.0
Spellcasting   | 3 |  3.7
Fire Magic     | 4 |  4.4
Fighting       | |  0.1
Short Blades   | |  0.1
Maces & Flails | |  0.1
Dodging        | |  1.8
Stealth        | |  2.1

Action                   |  1- 3 |  4- 6 || total
-------------------------+-------+-------++-------
Melee: Dagger            |     3 |       ||     3
       Whip              |     5 |    17 ||    22
 Cast: Foxfire           |    65 |    45 ||   110
       Searing Ray       |       |     5 ||     5
  Use: Scroll            |     5 |     2 ||     7
 Stab: Sleeping          |       |     1 ||     1
Armor: Robe              |    19 |     8 ||    27
Dodge: Dodged            |    18 |    16 ||    34

Table legend: (Time is in decaauts)
 A = Elapsed time spent in this place.
 B = Non-inter-level travel time spent in this place.
 C = Inter-level travel time spent in this place.
 D = Time resting spent in this place.
 E = Time spent auto-exploring this place.
 F = Levels seen in this place.
 G = Mean time per level.
                   A        B        C        D        E       F      G
               +--------+--------+--------+--------+--------+-----+--------+
         Total |   3146 |   3099 |     47 |     76 |   2466 |   3 | 1048.7 |
       Dungeon |   3146 |   3099 |     47 |     76 |   2466 |   3 | 1048.7 |
               +--------+--------+--------+--------+--------+-----+--------+

Top non-repeatable levels by time:
     D:2: 1090 daAuts
     D:3: 1067 daAuts
     D:1: 988 daAuts
